 Dungeon Crawl Stone Soup version 0.28.0-53-g5a82cb258f (webtiles) character file.

Game seed: 9665651506807514363

51 DildoBatman the Conjurer (level 4, 0/31 HPs)
             Began as a Formicid Conjurer on July 5, 2022.
             Slain by a jackal (1 damage)
             ... on level 4 of the Dungeon.
             The game lasted 00:04:00 (1338 turns).

DildoBatman the Conjurer (Formicid Conjurer)        Turns: 1338, Time: 00:04:00

Health: 0/31       AC:  4    Str: 12    XL:     4   Next: 5%
Magic:  6/7        EV: 12    Int: 17    God:
Gold:   133        SH:  0    Dex: 11    Spells: 1/7 levels left

rFire   . . .      SeeInvis +   a - +0 hunting sling
rCold   . . .      Faith    .   (no shield)
rNeg    . . .      Spirit   .   h - +0 robe
rPois   .          Reflect  .   (helmet unavailable)
rElec   .          Harm     .   (no cloak)
rCorr   .          Rampage  .   f - +1 pair of gloves
Will    .....                   (no boots)
Stlth   ++........              (no amulet)
HPRegen 0.10/turn               (no ring)
MPRegen 0.10/turn               (no ring)

@: no status effects
A: permanent stasis, dig shafts and tunnels, antennae 3, four strong arms
a: Dig, Shaft Self


You were on level 4 of the Dungeon.
You visited 1 branch of the dungeon, and saw 3 of its levels.

You collected 133 gold pieces.

Inventory:

Hand Weapons
 a - a +0 hunting sling (weapon)
 b - a +0 falchion
Missiles
 d - 45 stones (quivered ammo)
Armour
 f - a +1 pair of gloves (worn)
 h - a +0 robe (worn)
Scrolls
 c - 2 scrolls of blinking {unknown}
 e - 2 scrolls of identify {unknown}
 i - a scroll of fog {unknown}
Potions
 g - a potion of attraction {unknown}


   Skills:
 * Level 0.6 Fighting
 * Level 0.6 Armour
 - Level 1.7 Dodging
 - Level 2.4 Stealth
 * Level 2.4 Spellcasting
 * Level 4.6 Conjurations


You had one spell level left.
You knew the following spells:

 Your Spells              Type           Power      Damage    Failure   Level
a - Searing Ray           Conj           34%        2d5       4%          2
b - Mephitic Cloud        Conj/Pois/Air  7%         N/A       30%         3
c - Magic Dart            Conj           68%        1d6       2%          1

Your spell library contained the following spells:

 Spells                   Type           Power      Damage    Failure   Level
 Static Discharge         Conj/Air       9%         N/A       11%         2
 Dazzling Flash           Conj/Hex       18%        N/A       22%         3
 Ignite Poison            Fire/Tmut/Pois 2%         N/A       50%         3
 Fulminant Prism          Conj/Hex       4%         3d6       58%         4
 Iskenderun's Mystic Bla  Conj/Tloc      9%         2d4       58%         4
 Lightning Bolt           Conj/Air       4%         1d16      90%         5
 Freezing Cloud           Conj/Ice/Air   3%         6-21      95%         5
 Maxwell's Capacitive Co  Air            1%         ∞         100%        8


Dungeon Overview and Level Annotations

Branches:
Dungeon (2/15)

Altars:

Shops:
D:1 :

Annotations:
D:1 exclusion: 3 sensed monsters (detected)


Innate Abilities, Weirdness & Mutations

You cannot be hasted, slowed, berserked, paralysed or teleported.
You can dig through walls and to a lower floor.
You have a pair of large antennae on your head. (SInv)
Your four strong arms can wield two-handed weapons with a shield.


Message History

g - Guard the area. f - Follow me.
Anything else - Cancel.
You shout for attention!
The jackal bites you. The goblin closely misses you.
The jackal closely misses you. x2
The jackal bites you. What are your orders? t - Shout!
Orders for allies: a - Attack new target. r - Retreat! s - Stop attacking. g - Guard the area. f - Follow me.
Anything else - Cancel.
You shout for attention!
The jackal bites you but does no damage.
The jackal barely misses you. The goblin hits you with a +0 club.
The jackal closely misses you. x2
The jackal bites you but does no damage.
What are your orders? t - Shout!
Orders for allies: a - Attack new target. r - Retreat! s - Stop attacking. g - Guard the area. f - Follow me.
Anything else - Cancel.
You shout for attention!
The jackal bites you but does no damage.
The goblin barely misses you. The jackal bites you.
The jackal barely misses you. The jackal completely misses you.
What are your orders? t - Shout!
Orders for allies: a - Attack new target. r - Retreat! s - Stop attacking. g - Guard the area. f - Follow me.
Anything else - Cancel.
You shout for attention!
The jackal bites you.
You die...

. .# # ..
##. ..
#...## .#
.#.....##..#
.......@hw#
......hgh.#
#......J..#
##......#...
##....###...
##... .....
#... ....
##.. ##.#


You could see a jelly, a dart slug, 3 jackals and a goblin.

Vanquished Creatures
  3 adders (D:2)
  4 endoplasms
  2 giant cockroaches
  A goblin (D:1)
  2 hobgoblins
  3 quokkas (D:1)
  2 ball pythons
  A bat (D:1)
  A frilled lizard (D:1)
  2 kobolds
  2 rats (D:1)
23 creatures vanquished.

Notes
Turn   | Place    | Note
-------+----------+-------------------------------------------
     0 | D:1      | DildoBatman the Formicid Conjurer began the quest for the
                  | Orb.
     0 | D:1      | Reached XP level 1. HP: 13/13 MP: 3/3
   231 | D:1      | Found a faded altar of an unknown god.
   283 | D:1      | Reached XP level 2. HP: 17/19 MP: 0/5
   286 | D:1      | Learned a level 2 spell: Searing Ray
   341 | D:1      | Reached skill level 4 in Conjurations
   395 | D:1      | Found Ugig's Book Shop.
   860 | D:2      | Reached XP level 3. HP: 24/24 MP: 2/6
   910 | D:2      | Learned a level 3 spell: Mephitic Cloud
  1306 | D:2      | Reached XP level 4. HP: 31/31 MP: 3/7
  1308 | D:2      | You fall into a shaft and drop 2 floors!
  1337 | D:4      | HP: 1/31 [jackal (2)]
  1338 | D:4      | Slain by a jackal

Illustrated notes

Levels and vault maps discovered:
D:1:      minmay_arrival_stair_chambers, layout_basic,
          dilly_ecumenical_altar_fadedgnrine, serial_shops,
          nicolae_shop_statue_plus, minmay_cupped
D:2:      layout_loops_ring
D:4:      layout_layer_cave, nicolae_overflow_crystal_walls,
          nicolae_shop_clearance, uniq_menkaure

Skill      XL: |  1  2 |
---------------+-------+-----
Conjurations   | 4 |  4.6
Fighting       | |  0.6
Armour         | |  0.6
Dodging        | |  1.7
Stealth        | |  2.4
Spellcasting   | |  2.4

Action                   |  1- 3 |  4- 6 || total
-------------------------+-------+-------++-------
Melee: Unarmed           |     5 |       ||     5
       Dagger            |    19 |       ||    19
 Fire: Hunting sling     |    13 |       ||    13
 Cast: Magic Dart        |    30 |       ||    30
       Searing Ray       |     4 |       ||     4
 Abil: Shaft Self        |       |     1 ||     1
 Stab: Sleeping          |     1 |       ||     1
Armor: Robe              |     6 |    29 ||    35
Dodge: Dodged            |    15 |    61 ||    76
